 Dungeon Crawl Stone Soup version 0.27.1-1-g398f81649c (webtiles) character file.

Game seed: 6209535645402338513

13 funkygono the Firebug (level 2, -1/15 HPs)
             Began as a Gargoyle Fire Elementalist on Sept 16, 2021.
             Slain by a jackal (2 damage)
             ... on level 1 of the Dungeon on Sept 17, 2021.
             The game lasted 00:01:52 (332 turns).

funkygono the Firebug (Gargoyle Fire Elementalist)   Turns: 332, Time: 00:01:53

Health: -1/15      AC:  4    Str: 11    XL:     2   Next: 37%
Magic:  1/5        EV: 12    Int: 15    God:
Gold:   17         SH:  0    Dex: 10    Spells: 4/5 levels left

rFire    . . .     SeeInvis .   (no weapon)
rCold    . . .     Faith    .   (no shield)
rNeg     + . .     Spirit   .   a - +0 robe
rPois    ∞         Reflect  .   (no helmet)
rElec    +         Harm     .   (no cloak)
rCorr    .         Rampage  .   (no gloves)
Will     .....                  (no boots)
Stlth    ++........             (no amulet)
HPRegen  0.05/turn              (no ring)
MPRegen  0.09/turn              (no ring)

@: no status effects
A: sickness immunity, AC +2, negative energy resistance 1, electricity
resistance, torment resistance 1, petrification resistance
a: no special abilities


You were on level 1 of the Dungeon.
You visited 1 branch of the dungeon, and saw 1 of its levels.

You collected 17 gold pieces.

Inventory:

Missiles
 b - 33 stones
Armour
 a - a +0 robe (worn)
Potions
 c - a potion of lignification {unknown}
 d - a potion of invisibility {unknown}


   Skills:
 + Level 1.7 Dodging
 - Level 2.1 Stealth
 * Level 2.2 Spellcasting
 * Level 1.3 Conjurations
 * Level 3.3 Fire Magic


You had 4 spell levels left.
You knew the following spells:

 Your Spells              Type           Power      Damage    Failure   Level
a - Foxfire               Conj/Fire      32%        2x1d5     9%          1

Your spell library contained the following spells:

 Spells                   Type           Power      Damage    Failure   Level
 Conjure Flame            Conj/Fire      8%         6-21      26%         3
 Inner Flame              Hex/Fire       6%         N/A       32%         3
 Sticky Flame             Conj/Fire      8%         2d3       63%         4
 Fireball                 Conj/Fire      4%         3d4       93%         5


Dungeon Overview and Level Annotations

Branches:
Dungeon (1/15)

Altars:


Innate Abilities, Weirdness & Mutations

You are immune to sickness and miasma.
Your stone body is resilient. (AC +2)
You are immune to poison.
You resist negative energy. (rN+)
You are resistant to electric shocks. (rElec)
You are resistant to unholy torment.
You are immune to petrification.


Message History

The jackal bites you. x2
You barely miss the jackal.
The jackal is almost dead.
The jackal misses you. The jackal barely misses you. x2
The endoplasm jiggles.
You barely miss the jackal.
The jackal is almost dead.
The jackal bites you but does no damage.
The jackal bites you.
* * * LOW HITPOINT WARNING * * *
You barely miss the jackal.
The jackal is almost dead.
The jackal bites you.
* * * LOW HITPOINT WARNING * * *
The jackal misses you. The jackal barely misses you.
You closely miss the jackal.
The jackal is almost dead.
The jackal barely misses you.
The jackal bites you but does no damage. x2
You barely miss the jackal.
The jackal is almost dead.
The jackal barely misses you. The jackal closely misses you. x2
You hit the jackal.
You kill the jackal!
The jackal bites you.
* * * LOW HITPOINT WARNING * * *
The jackal bites you but does no damage.
The jackal bites you but does no damage.
You see here a jackal corpse.
Casting: Foxfire (safe; 9% risk of failure)
Confirm with . or Enter, or press ? or * to list all spells.
You conjure some foxfire!
The jackal misses you. x2
The foxfire hits the jackal.
The jackal is moderately wounded.
The foxfire hits the jackal.
The jackal is heavily wounded.
Casting: Foxfire (safe; 9% risk of failure)
Confirm with . or Enter, or press ? or * to list all spells.
You conjure some foxfire!
The jackal closely misses you. The jackal bites you.
You die...

........#....♣♣∩.....∩♣♣......
######..#...♣♣∩..♣♣♣..∩♣♣...#.
#..#.#.♣♣∩...<...∩♣♣...#.
#..#.#.♣♣∩..♣♣♣.(∩♣♣.....
.....#§.♣♣∩.....∩♣♣...#..
######>.♣♣.♣∩∩∩.♣♣♣.>.#..
......#...♣♣♣♣♣.♣.##.#..
.......vv.♣♣♣♣♣..# #.#..
####.#@#.......#
.....#hr########
..#.....?.....#
....###g#####.# ....†..J#
....#.### .. ... ###


You could see an endoplasm, a jackal (ally target), a hobgoblin and a rat.

Vanquished Creatures
  An endoplasm (D:1)
  A giant cockroach (D:1)
  3 jackals (D:1)
  2 quokkas (D:1)
  A ball python (D:1)
  2 frilled lizards (D:1)
  A kobold (D:1)
  A rat (D:1)
12 creatures vanquished.

Vanquished Creatures (others)
  30 foxfires (D:1)
30 creatures vanquished.

Grand Total: 42 creatures vanquished

Notes
Turn   | Place    | Note
-------+----------+-------------------------------------------
     0 | D:1      | funkygono the Gargoyle Fire Elementalist began the quest
                  | for the Orb.
     0 | D:1      | Reached XP level 1. HP: 10/10 MP: 3/3
   140 | D:1      | Reached XP level 2. HP: 15/15 MP: 0/5
   332 | D:1      | Slain by a jackal

Illustrated notes

Levels and vault maps discovered:
D:1:      heliophobic_arrival_henge, layout_basic

Action                   || total
-------------------------++-------
Melee: Unarmed           ||    15
 Cast: Foxfire           ||    18
Armor: Robe              ||    15
Dodge: Dodged            ||    23
